 Dungeon Crawl Stone Soup version 0.32-a0-646-g91cf321817 (webtiles) character file.

Game seed: 13145513023162427453

3060 Jannitor the Trooper (level 9, -3/106 HPs)
             Began as a Coglin Berserker on Mar 8, 2024.
             Was a Priest of Trog.
             Slain by an orc priest
             ... wielding a +0 trident
              (5 damage)
             ... on level 8 of the Dungeon.
             The game lasted 00:10:43 (7294 turns).

Jannitor the Trooper (Coglin Berserker)             Turns: 7294, Time: 00:10:44

Health: -3/106     AC: 12    Str: 22    XL:     9   Next: 87%
Magic:  9/9        EV: 13    Int:  7    God:    Trog [***...]
Gold:   325        SH:  0    Dex: 16    Spells: 8/8 levels left

rFire   . . .        w - +2 demon whip (elec) {Bianca}
rCold   . . .        n - +4 demon whip (venom) {Miranda}
rNeg    . . .        j - +5 ring mail of Loss {Str+3 SInv}
rPois   .            s - +0 helmet
rElec   .            q - scarf {repulsion}
rCorr   .            (no gloves)
SInv    +            (no boots)
Will    +++..        (amulet unavailable) Stlth
                     (ring unavailable)
HPRegen 1.37/turn    (ring unavailable)
MPRegen 0.11/turn    (no gizmo)

%: repel missiles
@: berserking, strong-willed, regenerating, revving, very quick
A: off-hand wielding, slow wielding, warmup strikes, no jewellery, strong-willed
1
a: Invent Gizmo, Renounce Religion, Berserk, Trog's Hand


You were on level 8 of the Dungeon.
You worshipped Trog.
Trog was most pleased with you.
You visited 1 branch of the dungeon, and saw 8 of its levels.
You also visited: Sewer and Bailey.

You collected 412 gold pieces.
You spent 87 gold pieces at shops.

Inventory:

Hand Weapons
 a - a +0 falchion {Elena}
 c - a +0 dagger {Uttamveer}
 e - a +2 trident of venom {Nammahani}
 n - a +4 demon whip of venom (offhand) {Miranda}
 r - a +2 dagger of draining {Daichi}
 w - a +2 demon whip of electrocution (weapon) {Bianca}
Armour
 b - a +0 animal skin
 j - the +5 ring mail of Loss (worn) {Str+3 SInv}
   (You acquired it in a bailey)

   Str+3:     It affects your strength (+3).
   SInv:      It lets you see invisible.
 l - a +0 ring mail
 q - a scarf of repulsion (worn)
 s - a +0 helmet (worn)
Wands
 f - a wand of iceblast (13)
 o - a wand of mindburst (20)
 t - a wand of flame (15)
Scrolls
 g - 3 scrolls of noise
 h - 2 scrolls of identify
 k - a scroll of blinking
 y - a scroll of brand weapon
Potions
 m - a potion of resistance
 p - 2 potions of attraction
 v - 3 potions of magic
 z - a potion of brilliance


   Skills:
 + Level 6.5 Fighting
 - Level 1.1(2.7) Short Blades
 - Level 4.2(4.4) Long Blades
 * Level 5.4 Maces & Flails
 - Level 2.1 Polearms
 + Level 5.5 Armour
 + Level 5.4 Dodging
 + Level 6.1 Evocations


You had 8 spell levels left.
You didn't know any spells.
Your spell library was empty.

Dungeon Overview and Level Annotations

Branches:
Dungeon (8/15)             Temple (0/1) D:4            Lair (0/5) D:8
  Sewer (visited)          Bailey (visited)

Altars:
Dithmenos
Hepliaklqana
Kikubaaqudgha
Okawaru
Qazlal
Sif Muna
Trog
Vehumet
Wu Jian

Shops:
D:2 *   D:6 =

Annotations:
D:3 exclusion: statue
D:4 1 runed translucent door, ouz's ghost, amateur CoWr


Innate Abilities, Weirdness & Mutations

You can wield a second weapon in your off-hand.
It takes a long time for you to wield or remove held weapons.
Your first few attacks do less damage.
You cannot equip rings or amulets.
You are strong-willed. (Will+)


Message History

You hit the wolf but do no damage.
You barely miss the wolf with your +4 demon whip of venom.
The wolf bites you.
The orc priest hits you from afar with a +0 trident.
The wolf bites you.
* * * LOW HITPOINT WARNING * * *
Unknown command.
You feel better. The wolf bites you but does no damage.
The orc priest completely misses you. The wolf bites you.
As you read the scroll of fog, it dissolves into smoke.
The wolf barely misses you.
The orc priest hits you from afar with a +0 trident.
* * * LOW HITPOINT WARNING * * *
The wolf barely misses you.
Okay, then.
Okay, then.
The wolf bites you!
* * * LOW HITPOINT WARNING * * *
You feel better. The wolf bites you but does no damage.
Your skin crawls.
You feel strong-willed. The wolf misses you. The orc barely misses you.
The orc priest calls down the wrath of Beogh upon you.
Beogh smites you!
* * * LOW HITPOINT WARNING * * *
The wolf completely misses you.
A red film seems to cover your vision as you go berserk!
You feel yourself moving faster!
You feel mighty!
You can no longer call in reinforcements.
The wolf misses you. The orc barely misses you.
The orc priest invokes the aid of Beogh against you.
Beogh smites you!
* * * LOW HITPOINT WARNING * * *
The wolf bites you but does no damage.
You whack the orc with your +4 demon whip of venom!
You feel the power of Trog in you as your rage grows.
You kill the orc!
Trog accepts your kill.
The orc priest hits you from afar with a +0 trident.
You die...

.. #.# #####.####.##
... #.#########.####.##
.... ...
....).......... .....
#.# ........####.##
......##§#########'####
.....oo§§§####........#
.
.>.....#oo§..+......=.#
#
..!...##§h####........#
# ...... #§@#
#........# # ..P..
#§§####........# .....
#..............# ....
#.....[........# ...#
#.#####........# ....
#........# #...
#........# .....
#######+## #._...


You could see a wolf and 2 orc priests.

Vanquished Creatures
  Sigmund (D:2)
  Eustachio (D:5)
  A warg (D:8)
  A water moccasin (D:6)
  Duvessa (D:6)
  3 black bears
  5 orc warriors (Bailey)
  A sky beast (D:6)
  An ogre (D:6)
  A wolf (D:8)
  2 phantoms
  3 kobold brigands
  A bullfrog (D:7)
  4 scorpions
  Dowan (D:6)
  A bombardier beetle (D:5)
  2 orc priests
  2 hounds
  2 jellies
  2 sleepcaps
  2 iguanas
  6 orc wizards
  4 gnolls
  4 adders
  A shadow imp (D:5)
  3 ribbon worms
  5 dart slugs (D:3)
  38 orcs
  5 endoplasms
  8 giant cockroaches
  10 hobgoblins
  2 jackals (D:1)
  10 kobolds
  3 quokkas
  7 ball pythons
  5 bats
  13 goblins
  5 rats
167 creatures vanquished.

Notes
Turn   | Place    | Note
-------+----------+-------------------------------------------
     0 | D:1      | Jannitor the Coglin Berserker began the quest for the Orb.
     0 | D:1      | Reached XP level 1. HP: 18/18 MP: 1/1
    48 | D:1      | Found a faded altar of an unknown god.
   182 | D:1      | Reached XP level 2. HP: 24/24 MP: 2/2
   447 | D:1      | Reached ** piety under Trog
   449 | D:1      | Reached XP level 3. HP: 28/29 MP: 3/3
   890 | D:2      | Found Esoahamu's Assorted Antiques.
   898 | D:2      | Bought a smoky dark potion for 17 gold pieces
   898 | D:2      | Bought a silvery potion for 17 gold pieces
   898 | D:2      | Bought a fizzy emerald potion for 17 gold pieces
   898 | D:2      | Bought a pink potion for 17 gold pieces
   898 | D:2      | Bought a scroll labelled JYUGUB WIOCH for 19 gold pieces
  1074 | D:2      | Noticed Sigmund
  1095 | D:2      | Killed Sigmund
  1096 | D:2      | Reached XP level 4. HP: 37/37 MP: 4/4
  1096 | D:2      | Reached XP level 5. HP: 42/42 MP: 5/5
  1653 | D:3      | Reached XP level 6. HP: 34/48 MP: 6/6
  1804 | D:3      | Found a radiant altar of Vehumet.
  2541 | D:4      | Reached skill level 1 in Evocations
  2619 | D:4      | Found an iron altar of Okawaru.
  2810 | D:4      | Found a staircase to the Ecumenical Temple.
  2895 | D:4      | Reached skill level 1 in Short Blades
  2895 | D:4      | Reached XP level 7. HP: 51/55 MP: 7/7
  2952 | D:4      | Found a runed translucent door.
  2953 | D:4      | Noticed ouz's ghost (amateur CoWr)
  3281 | D:5      | Entered Level 5 of the Dungeon
  3377 | D:5      | Found a bloodstained altar of Trog.
  3457 | D:5      | Reached skill level 1 in Polearms
  3527 | D:5      | Found an ornate altar of the Wu Jian Council.
  3774 | D:5      | Found a shadowy altar of Dithmenos.
  3867 | D:5      | Noticed Eustachio
  3882 | D:5      | Killed Eustachio
  3883 | D:5      | Reached skill level 1 in Maces & Flails
  3960 | D:5      | Identified a scroll of acquirement
  3965 | D:5      | Reached skill level 5 in Fighting
  3965 | D:5      | Reached XP level 8. HP: 55/62 MP: 8/8
  3993 | D:5      | Acquired a +3 demon whip of venom
  4121 | D:6      | Found Xiascher's One-of-a-Kind Rings.
  4318 | D:6      | Found a glowing drain.
  4334 | Sewer    | Entered a sewer
  4454 | Sewer    | Reached *** piety under Trog
  4712 | Sewer    | Gained mutation: You are strong-willed. (Will+) [potion of
                  | mutation]
  5041 | D:6      | Reached XP level 9. HP: 60/69 MP: 9/9
  5228 | D:6      | Noticed Dowan
  5229 | D:6      | Noticed Duvessa
  5234 | D:6      | Killed Dowan
  5239 | D:6      | Killed Duvessa
  5649 | D:7      | Found an ancient bone altar of Kikubaaqudgha.
  5651 | D:7      | Found a shimmering blue altar of Sif Muna.
  5652 | D:7      | Found a hazy altar of Hepliaklqana.
  5661 | D:7      | Reached skill level 5 in Evocations
  5706 | D:7      | Reached skill level 5 in Armour
  5845 | D:7      | Found a flagged portal.
  5856 | Bailey   | Entered a bailey
  5867 | Bailey   | Acquired a scarf of repulsion
  5905 | Bailey   | Reached skill level 5 in Dodging
  6472 | Bailey   | Acquired the +5 ring mail of Loss {Str+3 SInv}
  6484 | Bailey   | Found a roughly hewn altar of Beogh.
  6484 | Bailey   | Noticed an orc knight
  6687 | D:7      | Reached skill level 5 in Maces & Flails
  7264 | D:8      | Found a stormy altar of Qazlal.
  7270 | D:8      | Found a staircase to the Lair.
  7279 | D:8      | Reached **** piety under Trog
  7293 | D:8      | HP: 1/106 [orc priest/divine providence (14)]
  7294 | D:8      | Slain by an orc priest

Illustrated notes

Levels and vault maps discovered:
D:1:      saegor_arrival_simple_e, layout_basic,
          hellmonk_ecumenical_altar_crossroads, dreamdust_mushroom_princess,
          minmay_door_square, minmay_3d_cube
D:2:      layout_basic, serial_shops, nicolae_shop_crystal, uniq_sigmund
D:3:      layout_basic, vehumet_statue
D:4:      layout_basic, old_standard_altar, minmay_temple_entry_waves,
          ebering_ghost_reflecting_pool, chequers_hall_statues_y
D:5:      layout_basic, mainiacjoe_overflow_tiny_flanked,
          mainiacjoe_overflow_brackets, mainiacjoe_overflow_alcove_2,
          chequers_serial_rivers_room_a, uniq_eustachio
D:6:      layout_gridville, portal_sewer_entry_a, nicolae_shop_unique_rings,
          minivault_11, kennysheep_flooded_box, uniq_duvessa
D:7:      layout_loops_corners, gammafunk_temple_overflow_forgotten,
          enter_bailey_3
D:8:      layout_basic, grunt_temple_overflow_open, erik_lair_orcish_takeover

Skill      XL: |  1  2  3  4  5  6  7  8  9 |
---------------+----------------------------+-----
Armour         | 2 3 4 5 |  5.5
Dodging        | 2 3 4 5 |  5.4
Fighting       | 4 5 6 |  6.5
Long Blades    | 4 |  4.2
Evocations     | 1 3 4 6 |  6.1
Short Blades   | 1 |  1.1
Polearms       | 1 2 |  2.1
Maces & Flails | 1 3 5 |  5.4

Action                     |  1- 3 |  4- 6 |  7- 9 || total
---------------------------+-------+-------+-------++-------
  Melee: Falchion          |    49 |    33 |       ||    82
         Dagger            |    13 |    21 |    18 ||    52
         Trident           |    52 |    77 |    47 ||   176
         Demon whip        |       |       |   380 ||   380
 Invoke: Berserk           |     1 |       |     1 ||     2
         Trog's Hand       |     1 |       |     1 ||     2
    Use: Scroll            |     2 |     1 |    11 ||    14
         Potion            |       |       |    12 ||    12
 Armour: Animal skin       |    29 |     1 |       ||    30
         Ring mail         |       |    45 |   171 ||   216
  Dodge: Dodged            |    22 |    24 |   199 ||   245
         Repelled          |       |       |    32 ||    32

Table legend: (Time is in decaauts)
 A = Elapsed time spent in this place.
 B = Non-inter-level travel time spent in this place.
 C = Inter-level travel time spent in this place.
 D = Time resting spent in this place.
 E = Time spent auto-exploring this place.
 F = Levels seen in this place.
 G = Mean time per level.
                   A        B        C        D        E       F      G
               +--------+--------+--------+--------+--------+-----+--------+
         Total |   7418 |   7156 |    262 |    645 |   5096 |  10 |  741.8 |
       Dungeon |   6249 |   5987 |    262 |    399 |   4674 |   8 |  781.1 |
         Sewer |    441 |    441 |      0 |    130 |    184 |   1 |  441.0 |
        Bailey |    726 |    726 |      0 |    115 |    238 |   1 |  726.0 |
               +--------+--------+--------+--------+--------+-----+--------+

Top non-repeatable levels by time:
     D:6: 1133 daAuts
     D:4: 974 daAuts
     D:1: 873 daAuts
     D:5: 808 daAuts
     D:7: 804 daAuts
     D:3: 760 daAuts
  Bailey: 726 daAuts
     D:2: 704 daAuts
   Sewer: 441 daAuts
     D:8: 191 daAuts
